 Dungeon Crawl Stone Soup version 0.19.5 (webtiles) character file.

16793 snowfan the Devastator (level 12, -1/59 HPs)
             Began as a Deep Elf Wizard on May 10, 2017.
             Was a High Priest of Sif Muna.
             Slain by a blink frog (9 damage)
             ... on level 2 of the Lair of Beasts on May 11, 2017.
             The game lasted 01:22:19 (16842 turns).

snowfan the Devastator (Deep Elf Wizard)           Turns: 16842, Time: 01:22:20

Health: -1/59      AC:  7    Str:  4    XL:     12   Next: 13%
Magic:  6/38       EV: 19    Int: 32    God:    Sif Muna [*****.]
Gold:   613        SH:  0    Dex: 13    Spells: 7 memorised, 8 levels left

rFire  . . .     SeeInvis .     B - +4 quarterstaff (chaos)
rCold  . . .     Gourm    .     a - +0 robe
rNeg   . . .     Faith    +     (shield currently unavailable)
rPois  .         Spirit   .     b - +0 hat
rElec  .         Reflect  .     C - +0 cloak
rCorr  .         Harm     .     X - +0 pair of gloves
MR     +....                    t - +2 pair of boots
Stlth  ++........               Z - amulet of faith
                                f - +3 ring of intelligence
                                L - ring of magical power

@: repel missiles, divine energy
A: no striking features
a: Stop Divine Energy, Channel Magic, Forget Spell, Renounce Religion


You were on level 2 of the Lair of Beasts.
You worshipped Sif Muna.
Sif Muna was extremely pleased with you.
You were not hungry.

You visited 3 branches of the dungeon, and saw 14 of its levels.

You collected 613 gold pieces.

Inventory:

Hand Weapons
 y - a +0 blowgun
 B - a +4 quarterstaff of chaos (weapon)
Missiles
 z - 51 poisoned needles
Armour
 a - a +0 robe (worn)
 b - a +0 hat (worn)
 t - a +2 pair of boots (worn)
 C - a +0 cloak (worn)
 X - a +0 pair of gloves (worn)
Jewellery
 e - an uncursed ring of see invisible
 f - a +3 ring of intelligence (right hand)
 s - an uncursed ring of positive energy
 w - an uncursed ring of protection from fire
 L - a ring of magical power (left hand)
 Z - an amulet of faith (around neck)
Wands
 c - a wand of teleportation (8/9)
 g - a wand of lightning (8/15)
 i - a wand of digging (10/24)
Scrolls
 h - 2 scrolls of enchant armour {unknown}
 m - 2 scrolls of magic mapping {unknown}
 u - 12 scrolls of identify
 v - 3 scrolls of teleportation
 D - a scroll of acquirement {unknown}
 I - a scroll of noise {unknown}
 J - 5 scrolls of enchant weapon
 M - 3 scrolls of blinking
 N - 2 scrolls of fog
 Q - 3 scrolls of immolation {unknown}
 R - 3 scrolls of amnesia {unknown}
 T - a scroll of silence {unknown}
 W - 4 scrolls of remove curse
 Y - 2 scrolls of holy word {unknown}
Potions
 j - a potion of cure mutation {unknown}
 k - 6 potions of curing
 n - 2 potions of cancellation {unknown}
 o - 3 potions of flight {unknown}
 p - 3 potions of lignification {unknown}
 q - 2 potions of might {unknown}
 r - a potion of mutation {unknown}
 x - 5 potions of heal wounds {unknown}
 F - a potion of invisibility
 G - a potion of agility {unknown}
 K - 2 potions of degeneration {unknown}
 O - a potion of berserk rage {unknown}
Books
 A - a book of the Warp

   Spells                             Type                      Level
   a - Gell's Gravitas                Hexes/Translocation          3
   b - Portal Projectile              Translocation                3
   c - Force Lance                    Conjuration/Translocation    4
   d - Dispersal                      Translocation                6
   e - Controlled Blink               Translocation                8
   f - Disjunction                    Translocation                8
 V - Sif Muna's Almanac of the Hurtful Compass
   (Sif Muna gifted it to you on level 11 of the Dungeon)

   Spells                             Type                      Level
   a - Shock                          Conjuration/Air              1
   b - Orb of Destruction             Conjuration                  7
   c - Controlled Blink               Translocation                8
Comestibles
 d - 8 bread rations
 l - 10 meat rations
 E - 4 beef jerkies
 H - 12 royal jellies
 P - 4 chunks of flesh
 S - a slice of pizza
 U - 8 fruits


   Skills:
 - Level 12.3 Dodging
 - Level 2.4 Stealth
 - Level 11.4 Spellcasting
 + Level 15.3 Conjurations
 - Level 3.6 Charms
   Level 1.1 Summonings
 - Level 1.1 Translocations


You had 8 spell levels left.
You knew the following spells:

 Your Spells              Type           Power        Failure   Level  Hunger
a - Orb of Destruction    Conj           #######...   4%          7    ######.
b - Blink                 Tloc           N/A          2%          2    None
c - Mephitic Cloud        Conj/Pois/Air  ######..     1%          3    None
d - Conjure Flame         Conj/Fire      ######..     1%          3    None
e - Iskenderun's Mystic   Conj           #######.     1%          4    None
f - Fulminant Prism       Conj/Hex       ######....   1%          4    None
m - Repel Missiles        Chrm/Air       ####..       1%          2    None


Dungeon Overview and Level Annotations

Branches:
Dungeon (11/15)            Temple (1/1) D:4            Lair (2/6) D:10
 Shoals (0/4) Lair:2          Orc (0/2) D:10
  Snake: Lair:2-4    Spider: Lair:2-4

Altars:
Elyvilon
Fedhas
Gozag
Hepliaklqana
Kikubaaqudgha
Makhleb
Nemelex Xobeh
Okawaru
Qazlal
Ru
Sif Muna
Trog
Xom
The Shining One


Message History

Casting: Blink
Confirm with . or Enter, or press ? or * to list all spells.
Aiming: Iskenderun's Mystic Blast
Press: ? - help, Shift-Dir - straight line, f/p - komodo dragon
Aim: a komodo dragon (almost dead)
The orb of energy misses the komodo dragon.
The blink frog misses you.
Casting: Iskenderun's Mystic Blast
Confirm with . or Enter, or press ? or * to list all spells.
You blink.
Casting: Blink
Confirm with . or Enter, or press ? or * to list all spells.
Aiming: Iskenderun's Mystic Blast
Press: ? - help, Shift-Dir - straight line, f/p - komodo dragon
Aim: a komodo dragon (almost dead)
The orb of energy hits the komodo dragon.
You kill the komodo dragon!
Sif Muna accepts your kill.
The orb of energy explodes!
The blink frog hits you!
You die...

..+.P#+ ..#.....P
######.P.....#
####.#..#.......
................ .
.........>.........
...........#.##....
..
........?.F........
#...##..##.###@..#.
#...#.###..# #####
#...# #..#
#....#####.##
#...........#..P
#...#P...........
#.......#######..
##.+..P.## ....
#..#....##
............


You could see a blink frog.

Vanquished Creatures
  A manticore (Lair:2)
  4 spiny frogs
  4 komodo dragons
  2 trolls (D:10)
  2 hornets (D:8)
  3 hippogriffs
  12 blink frogs
  A meliai zombie (D:10)
  14 yaks
  A wyvern (D:9)
  Grum (D:11)
  3 basilisks
  2 hungry ghosts
  A soldier ant (D:8)
  Duvessa (D:4)
  6 porcupines
  3 water moccasins (Lair:2)
  4 orc warriors
  3 phantoms
  3 ice beasts
  A black bear (D:11)
  2 sky beasts
  A necrophage (D:9)
  10 ogres
  A wolf (D:11)
  4 centaurs
  6 crocodiles
  3 big kobolds
  4 bullfrogs
  A gnoll sergeant (D:7)
  A wyvern skeleton (D:8)
  Dowan (D:4)
  3 scorpions
  23 killer bees
  3 wights (D:8)
  An electric eel (Lair:1)
  2 crimson imps
  5 hounds
  5 orc priests
  2 jellies (D:8)
  A bullfrog skeleton (D:8)
  A centaur skeleton (D:11)
  Crazy Yiuf (D:3)
  Terence (D:3)
  3 iguanas
  5 worker ants
  Natasha (thrice) (D:3)
  13 orc wizards
  A killer bee zombie (D:7)
  A hound skeleton (D:10)
  2 worker ant zombies
  13 gnolls
  9 adders
  2 shadow imps
  An ooze (D:9)
  3 adder skeletons
  An adder zombie (D:7)
  4 worms
  2 dart slugs (D:1)
  7 leopard geckos
  44 orcs
  2 ball pythons
  7 bats
  8 giant cockroaches
  13 goblins
  12 hobgoblins
  17 jackals
  4 quokkas
  5 frilled lizards
  22 kobolds
  A quokka zombie (D:9)
  4 rats
  A fulminant prism (D:10)
  2 plants (D:10)
366 creatures vanquished.

Vanquished Creatures (collateral kills)
  A killer bee (D:7)
1 creature vanquished.

Vanquished Creatures (others)
  An orc wizard (D:4)
  A quokka (D:8)
  19 fulminant prisms
  A fungus (Lair:2)
  2 plants
24 creatures vanquished.

Grand Total: 391 creatures vanquished

Notes
Turn   | Place    | Note
-------+----------+-------------------------------------------
     0 | D:1      | snowfan the Deep Elf Wizard began the quest for the Orb.
     0 | D:1      | Reached XP level 1. HP: 10/10 MP: 7/7
   287 | D:1      | Reached skill level 2 in Conjurations
   606 | D:2      | Reached XP level 2. HP: 15/15 MP: 6/9
   841 | D:1      | Reached skill level 3 in Conjurations
   980 | D:1      | Reached XP level 3. HP: 19/19 MP: 5/10
  1499 | D:2      | Learned a level 2 spell: Blink
  1502 | D:2      | Learned a level 2 spell: Repel Missiles
  1506 | D:2      | Learned a level 3 spell: Conjure Flame
  1613 | D:2      | Found a hazy altar of Hepliaklqana.
  1643 | D:2      | Found an iron altar of Okawaru.
  1752 | D:2      | Reached skill level 4 in Conjurations
  1839 | D:2      | Found a shimmering altar of Xom.
  1944 | D:3      | Noticed Natasha
  1944 | D:3      | Reached XP level 4. HP: 24/24 MP: 7/12
  1948 | D:3      | Killed Natasha
  2142 | D:3      | Noticed Terence
  2143 | D:3      | Noticed Natasha
  2363 | D:3      | Killed Natasha
  2363 | D:3      | Reached skill level 5 in Conjurations
  2408 | D:3      | Reached XP level 5. HP: 28/28 MP: 3/13
  2457 | D:3      | Learned a level 3 spell: Mephitic Cloud
  2466 | D:3      | Noticed Natasha
  2471 | D:3      | Killed Natasha
  2665 | D:3      | Found a sacrificial altar of Ru.
  2665 | D:3      | Found a stormy altar of Qazlal.
  2701 | D:3      | Killed Terence
  2704 | D:3      | Reached skill level 6 in Conjurations
  3000 | D:3      | Noticed a phantom
  3049 | D:3      | Killed a phantom
  3049 | D:3      | Reached skill level 7 in Conjurations
  3049 | D:3      | Reached XP level 6. HP: 19/32 MP: 0/14
  3212 | D:3      | Found a runed door.
  3216 | D:3      | Noticed Crazy Yiuf
  3220 | D:3      | Killed Crazy Yiuf
  3671 | D:4      | Noticed Duvessa
  3671 | D:4      | Noticed Dowan
  4166 | D:4      | Found a staircase to the Ecumenical Temple.
  4175 | Temple   | Entered the Ecumenical Temple
  4193 | Temple   | Became a worshipper of Sif Muna the Loreminder
  4495 | D:4      | Reached skill level 8 in Conjurations
  4507 | D:4      | Reached XP level 7. HP: 18/36 MP: 5/15
  4604 | D:5      | Entered Level 5 of the Dungeon
  4709 | D:4      | Killed Dowan
  4753 | D:4      | Killed Duvessa
  4753 | D:4      | Reached skill level 9 in Conjurations
  4904 | D:4      | Reached * piety under Sif Muna
  5623 | D:5      | Reached skill level 10 in Conjurations
  5750 | D:5      | Reached XP level 8. HP: 31/41 MP: 7/16
  5816 | D:5      | Found an iron altar of Okawaru.
  6267 | D:5      | Reached skill level 5 in Dodging
  7282 | D:6      | Found a bloodstained altar of Trog.
  7522 | D:6      | Reached XP level 9. HP: 35/45 MP: 0/17
  8496 | D:7      | Reached skill level 10 in Dodging
  8923 | D:7      | Reached ** piety under Sif Muna
 10883 | D:8      | Reached XP level 10. HP: 50/50 MP: 18/18
 11239 | D:8      | Found a white marble altar of Elyvilon.
 11252 | D:8      | Reached skill level 5 in Spellcasting
 11879 | D:8      | Reached *** piety under Sif Muna
 12179 | D:9      | Learned a level 4 spell: Iskenderun's Mystic Blast
 12184 | D:9      | Learned a level 4 spell: Fulminant Prism
 12388 | D:9      | Reached skill level 11 in Conjurations
 12654 | D:9      | Found a sparkling altar of Nemelex Xobeh.
 13119 | D:9      | Reached skill level 12 in Conjurations
 13317 | D:10     | Entered Level 10 of the Dungeon
 13363 | D:10     | Found a staircase to the Lair.
 13377 | D:10     | Reached **** piety under Sif Muna
 13402 | Lair:1   | Entered Level 1 of the Lair of Beasts
 13537 | Lair:1   | Noticed a spiny frog
 13554 | Lair:1   | Killed a spiny frog
 13598 | Lair:1   | Reached skill level 13 in Conjurations
 13598 | Lair:1   | Reached XP level 11. HP: 54/54 MP: 0/24
 13767 | D:10     | Got a faintly glowing hand axe
 13768 | D:10     | Identified the +4 hand axe of the Viper {chop, Stlth+} (You found it on level 10 of the Dungeon)
 14141 | D:10     | Found a staircase to the Orcish Mines.
 14644 | D:10     | Reached ***** piety under Sif Muna
 14836 | D:11     | Reached skill level 14 in Conjurations
 15011 | D:11     | Noticed Grum
 15018 | D:11     | Killed Grum
 15018 | D:11     | Identified Sif Muna's Almanac of the Hurtful Compass (Sif Muna gifted it to you on level 11 of the Dungeon)
 15018 | D:11     | Received a gift from Sif Muna
 15026 | D:11     | Noticed a hill giant
 15270 | Lair:1   | Learned a level 7 spell: Orb of Destruction
 15999 | Lair:1   | Reached skill level 15 in Conjurations
 16379 | Lair:2   | Reached skill level 10 in Spellcasting
 16708 | Lair:2   | Received a gift from Sif Muna
 16708 | Lair:2   | Reached XP level 12. HP: 59/59 MP: 29/29
 16824 | Lair:2   | Found a staircase to the Shoals.
 16842 | Lair:2   | Slain by a blink frog

Skill      XL: |  1  2  3  4  5  6  7  8  9 10 11 |
---------------+----------------------------------+-----
Conjurations   | 2 3 4 5 7 8 10 13 15 | 15.3
Dodging        | 8 12 | 12.3
Charms         | 2 3 |  3.6
Spellcasting   | 7 11 | 11.4
Stealth        | |  2.4
Summonings     | |  1.1
Translocations | |  1.1

Action                   |  1- 3 |  4- 6 |  7- 9 | 10-12 || total
-------------------------+-------+-------+-------+-------++-------
Melee: Dagger            |     3 |    18 |    21 |       ||    42
       Quarterstaff      |       |       |    82 |    22 ||   104
 Fire: Blowgun           |       |       |    20 |       ||    20
Throw: Stone             |       |     8 |    13 |       ||    21
 Cast: Magic Dart        |    90 |   145 |   465 |   149 ||   849
       Repel Missiles    |     1 |       |     2 |       ||     3
       Conjure Flame     |       |     5 |    11 |    17 ||    33
       Mephitic Cloud    |       |     2 |    19 |    14 ||    35
       Blink             |       |       |     3 |     2 ||     5
       Iskenderun's Myst |       |       |       |   130 ||   130
       Fulminant Prism   |       |       |       |    20 ||    20
       Orb of Destructio |       |       |       |    17 ||    17
Invok: Divine Energy     |       |       |     1 |       ||     1
       Forget Spell      |       |       |       |     1 ||     1
Evoke: Wand              |       |     1 |       |       ||     1
  Use: Scroll            |       |       |     7 |     1 ||     8
       Potion            |       |       |     1 |     1 ||     2
 Stab: Sleeping          |     1 |       |    10 |     1 ||    12
       Confused          |       |       |     1 |     1 ||     2
  Eat: Chunk             |     3 |     7 |    21 |    28 ||    59
Armor: Robe              |     3 |     2 |    38 |     7 ||    50
Dodge: Dodged            |    12 |    18 |   175 |    99 ||   304
       Deflected         |       |     1 |     4 |     5 ||    10
